caesar, neutral male human Barbarian ..................................}}........................................ ...................................}}....................................... ...................................}}.........................^............. ....................................}}...................................... -------------- -----....}}}.........................u``........ |...}}}..........................```........ |....}}..........................```........ -----....^..........................)........... |...............}}..................................... | -----.......}}}.................................... |......}}}}}................................... |.......}}}.................................... -........}}.................................... .............}}................................... |..............}}.................................. |.............}}}}................................. -............}}..}}................................ ..............}}...}}................................ .................}}...}}................................. .....................}}....}}................................ caesar the Brigand Experience level: 10 Strength: 18/02 Dexterity: 18 Constitution: 18 Intelligence: 7 Wisdom: 8 Charisma: 6 Health: 0(97) Energy: 22(22) Def: 10 Gold: 2735 Moves: 13564 Dungeon seed: iMczzaIYoljZ-mXB Game ID: caesar_1544624565 Your Inventory: Coins $ - 2735 gold pieces Amulets V - an uncursed amulet of reflection named reflection (being worn) Weapons a - a +0 battle-axe (weapon in hands) Armor e - an uncursed +0 mummy wrapping n - an uncursed +0 cloak of invisibility (being worn) q - a blessed +0 dwarvish mithril-coat (being worn) z - an uncursed +0 elven leather helm (being worn) Y - an uncursed +0 pair of iron shoes (being worn) Comestibles c - 7 uncursed food rations t - an uncursed pancake J - an uncursed cram ration Z - 3 uncursed tins of gecko meat Scrolls g - an uncursed scroll of food detection i - an uncursed scroll of enchant weapon v - 2 uncursed scrolls of magic mapping B - 2 blessed scrolls of earth C - an uncursed scroll of blank paper F - an uncursed scroll of create monster S - an uncursed scroll of fire T - an uncursed scroll of gold detection Spellbooks U - an uncursed spellbook of haste self Potions j - an uncursed potion of object detection u - a potion of unholy water w - an uncursed potion of sickness L - an uncursed potion of monster detection Rings h - an uncursed ring of fire resistance named uncursed l - an uncursed ring of shock resistance (on left hand) E - an uncursed ring of levitation N - a cursed ring of searching (on right hand) R - an uncursed ring of regeneration Wands b - a wand of digging (0:4) k - a wand of digging (0:5) m - a wand of magic missile (0:0) o - a wand of fire (1:0) r - a wand of secret door detection (0:13) y - a wand of striking (0:4) A - a wand of digging (0:6) H - a wand of cancellation (0:5) K - a wand of digging (0:5) W - a wand of light (0:12) Tools d - a tinning kit (0:41) f - an uncursed mirror D - an uncursed lock pick G - 10 uncursed tallow candles (0:200) M - a cursed oil lamp (0:1308) O - an uncursed tin opener P - an uncursed tin whistle Q - an uncursed blindfold named uncursed X - an uncursed tin whistle Spells and supernatural/magical abilities: Name Level Category Fail Memory W - pray for help -- divine ? -- Your skills at the end: Fighting Skills bare handed combat [Basic] Weapon Skills axe [Basic] short sword [Basic] Spellcasting Skills Final Attributes: You were piously aligned. You were shock resistant. You were poison resistant. You were telepathic. You had automatic searching. You were invisible. You were fast. You had reflection. You are dead. Vanquished creatures: 2 giant mimics a large mimic a giant mummy a small mimic a glass piercer an ettin mummy a troll a pyrolisk a freezing sphere a shocking sphere a tengu a wraith a crocodile a giant beetle a quivering blob 4 winter wolf cubs 2 leprechauns 3 giant spiders a scorpion 2 gnome kings an orc mummy a dwarf mummy 7 ogres 2 owlbears 2 yetis a werewolf 4 lizards 2 chickatrices 2 dogs a jaguar a blue jelly a dust vortex a raven 3 gnome mummies 3 snakes a rope golem 2 Woodland-elves a bugbear 2 imps 2 wood nymphs a water nymph 2 mountain nymphs 5 Mordor orcs 11 Uruk-hai 3 rock piercers 2 rock moles 2 ponies 5 fog clouds 3 yellow lights 2 shriekers 2 violet fungi 8 gnome lords 2 gnomish wizards a kobold mummy a red naga hatchling a black naga hatchling a guardian naga hatchling 2 gray oozes an elf zombie a ghoul a straw golem a paper golem 8 giant ants 3 floating eyes 2 kittens 8 dwarves 2 homunculi 2 kobold lords a kobold shaman 14 hill orcs 11 rothes 2 rabid rats 2 centipedes 3 giant bats 4 orc zombies 6 dwarf zombies 3 wererats 3 werejackals an iguana 6 killer bees an acid blob 6 coyotes 3 gas spores 7 hobbits 9 manes 2 large kobolds 7 hobgoblins 6 giant rats 10 cave spiders 4 brown molds 6 yellow molds 3 green molds 3 red molds 18 gnomes 2 garter snakes 2 gnome zombies 8 geckos 16 jackals 5 foxes 6 kobolds 3 goblins 8 sewer rats 3 grid bugs 5 bats 2 lichens 2 kobold zombies 13 newts 367 creatures vanquished. Voluntary challenges: You had been an atheist until turn 9392. You used a wielded weapon 559 times, starting on turn 3. You read items or engraved 22 times, starting on turn 3273. You never genocided any monsters. You never polymorphed an object. You never changed form. You used no wishes. You never split a pudding. You wrote Elbereth's name 5 times, starting on turn 3273. You violated your moral code, losing 50 points of alignment, starting on turn 5309. Dungeon overview: The Dungeons of Doom: levels 1 to 13 Level 1 a fountain a long staircase Level 2 an armor shop, a fountain stairs to The Gnomish Mines Level 3 a fountain Level 4 a fountain Level 5 some fountains Level 6 many fountains Level 7 stairs to Sokoban Level 8 a fountain Level 9 a general store, a fountain Level 10 Level 11 Level 12 many fountains portal to The Quest Level 13 a fountain The Gnomish Mines: levels 3 to 5 Level 3 stairs to The Dungeons of Doom Level 4 Level 5 many shops, a temple to Set, some fountains The Quest: Level 1 <- You were here portal to The Dungeons of Doom Sokoban: levels 3 to 6 Level 3 Level 4 Level 5 Level 6 stairs to The Dungeons of Doom History has recorded: On T:1 you entered the Dungeons of Doom to retrieve the Amulet of Yendor! On T:20 you reached level 2 of The Dungeons of Doom. On T:327 you reached level 1 of The Gnomish Mines. On T:562 you reached level 3 of The Dungeons of Doom. On T:693 you advanced to experience level 2. On T:786 you reached level 4 of The Dungeons of Doom. On T:947 you reached level 5 of The Dungeons of Doom. On T:1162 you advanced to experience level 3. On T:1172 you reached level 6 of The Dungeons of Doom. On T:1726 you advanced to experience level 4. On T:1807 you reached level 7 of The Dungeons of Doom. On T:2145 you advanced to experience level 5. On T:2185 you reached level 4 of Sokoban. On T:3202 you advanced to experience level 6. On T:4367 you reached level 3 of Sokoban. On T:5258 you advanced to experience level 7. On T:5742 you reached level 2 of Sokoban. On T:6245 you reached level 1 of Sokoban. On T:7697 you advanced to experience level 8. On T:8049 you reached level 8 of The Dungeons of Doom. On T:8227 you reached level 9 of The Dungeons of Doom. On T:8972 you reached level 2 of The Gnomish Mines. On T:9303 you reached level 3 of The Gnomish Mines. On T:10644 you reached level 10 of The Dungeons of Doom. On T:10959 you reached level 11 of The Dungeons of Doom. On T:11096 you advanced to experience level 9. On T:11280 you reached level 12 of The Dungeons of Doom. On T:11388 you reached level 13 of The Dungeons of Doom. On T:12984 you reached level 1 of The Quest. On T:13534 you advanced to experience level 10. Score breakdown: Gold: 2735 (11691 points) Experience: 10 levels (16712 points) Exploration: 13 levels ( 28.26%) (15491 points) Discoveries: 23 items ( 9.35%) ( 9173 points) Valuables value: (no points given unless you survive) Artifact value: 0 ( 0 points) Variety of kills: 107 monsters ( 28.08%) (15898 points) Turncount: 13564 turns (-2828 points) Survival: died (score multiplied by 80%) Total score: 52909 Latest messages: The white unicorn butts! The white unicorn kicks! The white unicorn misses. (2x) The ogre picks up a club. The white unicorn butts! The white unicorn kicks! The white unicorn butts! The white unicorn kicks! As you read the scroll, it disappears. A mysterious force prevents you from teleporting! The white unicorn butts! The white unicorn kicks! The white unicorn butts! The white unicorn misses. As you read the scroll, it disappears. The ceiling rumbles above you! The white unicorn is hit by a boulder! You are hit by a boulder! Your elven leather helm does not protect you. You die... Final status: Goodbye caesar the Barbarian, killed by a scroll of earth... You died in The Quest on dungeon level 1 with 52909 points, and 2735 pieces of gold, after 13564 moves. You were level 10 with a maximum of 97 hit points when you died.